 Dungeon Crawl Stone Soup version 0.22-a0-247-gbddf880757 (webtiles) character file.

3194 RedPan the Insei (level 9, 0/63 HPs)
             Began as a Demonspawn Monk on Feb 24, 2018.
             Was a Priest of Cheibriados.
             Slain by a manticore (2 damage)
             ... on level 8 of the Dungeon.
             The game lasted 00:16:13 (6997 turns).

RedPan the Insei (Demonspawn Monk)                  Turns: 6997, Time: 00:16:14

Health: 0/63       AC: 12    Str: 22    XL:     9   Next: 64%
Magic:  9/9        EV: 11    Int: 18    God:    Cheibriados [***...]
Gold:   493        SH: 16    Dex: 23    Spells: 8/8 levels left

rFire    + . .     SeeInvis +     - Unarmed
rCold    . . .     Gourm    .   v - +0 large shield
rNeg     . . .     Faith    .   a - +3 ring mail {rF+}
rPois    .         Spirit   .   (no helmet)
rElec    .         Reflect  .   g - +2 cloak of the Thief {+Fog Slay-2 SInv Stlth+}
rCorr    .         Harm     .   (gloves unavailable)
MR       .....                  (no boots)
Stlth    +++.......             j - amulet of magic regeneration
HPRegen  0.20/turn              (no ring)
MPRegen  0.36/turn              (no ring)

@: barbed spikes, very slow
A: claws 3, powered by pain 1, spiny 1
a: Bend Time, Temporal Distortion, Renounce Religion, Evoke Fog


You were on level 8 of the Dungeon.
You worshipped Cheibriados.
Cheibriados was most pleased with you.
You were not hungry.

You visited 2 branches of the dungeon, and saw 9 of its levels.

You collected 493 gold pieces.

Inventory:

Hand Weapons
 l - a +1 long sword
Armour
 a - a +3 ring mail of fire resistance (worn)
 g - the +2 cloak of the Thief (worn) {+Fog Slay-2 SInv Stlth+}
   (You found it on level 4 of the Dungeon)

   It affects your accuracy and damage with ranged weapons and melee attacks
   (-2).
   It lets you see invisible.
   It makes you more stealthy.
 i - a +2 pair of gloves
 v - a +0 large shield (worn)
Jewellery
 j - an amulet of magic regeneration (around neck)
Wands
 r - a wand of digging (20)
 w - a wand of flame (43)
Scrolls
 b - 4 scrolls of remove curse
 e - 5 scrolls of identify
 h - 2 scrolls of enchant armour
 n - 3 scrolls of magic mapping
 o - a scroll of blinking
 q - 2 scrolls of enchant weapon
 t - a scroll of fog
 x - 2 scrolls of teleportation
Potions
 d - a potion of agility
 f - a potion of haste
 k - 3 potions of brilliance
 m - 3 potions of mutation
 p - a potion of might
 s - a potion of invisibility
 u - a potion of heal wounds
 z - a potion of cancellation {unknown}
Comestibles
 c - 15 rations


   Skills:
 - Level 3.0 Fighting
 - Level 6.0 Long Blades
 - Level 4.0 Armour
 - Level 5.0 Dodging
 - Level 1.7 Stealth
 + Level 5.0 Shields
 * Level 7.9 Unarmed Combat


You had 8 spell levels left.
You didn't know any spells.

Dungeon Overview and Level Annotations

Branches:
Dungeon (8/15)             Temple (1/1) D:6
   Lair: D:8-11

Altars:
Ashenzari
Cheibriados
Dithmenos
Elyvilon
Fedhas
Gozag
Kikubaaqudgha
Makhleb
Nemelex Xobeh
Qazlal
Sif Muna
Uskayaw
Vehumet
Wu Jian
Xom
Yredelemnul
The Shining One
Beogh


Innate Abilities, Weirdness & Mutations

You have claws for hands.
You sometimes gain a little power by taking damage.
You are partially covered in sharp spines.


Message History

The manticore claws you but does no damage.
You block the manticore's attack. You block the worker ant's attack.
Your shield prevents you from hitting the manticore.
The manticore is almost dead.
The manticore is struck by your spines. The manticore bites you!
* * * LOW HITPOINT WARNING * * *
The manticore claws you.
* * * LOW HITPOINT WARNING * * *
You block the manticore's attack. The worker ant barely misses you.
Unknown command.
Unknown command.
You barely miss the manticore.
The manticore is almost dead.
The worker ant is struck by your spines.
The worker ant bites you.
* * * LOW HITPOINT WARNING * * *
The manticore is struck by your spines. The manticore bites you.
* * * LOW HITPOINT WARNING * * *
The manticore misses you. The manticore claws you.
You die...

.... #### ...... ...##
...... #
....###########...#. ..
.....#........>"..% $..
.....#........# .##....
.....#........###.......
.....#...........a......
......†.........@H...§.o
...........>...###......
................. .....
.....#####.>...... ....
.#.#.# #########. ...
##...# .. #.... . #...


You could see a manticore, a worker ant and an orc wizard.

Vanquished Creatures
  Joseph (D:7)
  The ghost of Execuda the Firebug, a novice DEFE (D:4)
  Grinder (D:6)
  Prince Ribbit (D:6)
  An ice beast (D:5)
  A sky beast (D:8)
  An orc warrior (D:6)
  2 necrophages
  An ogre (D:4)
  A centaur (D:5)
  Blork the orc (D:5)
  5 bullfrogs
  A scorpion (D:4)
  6 howler monkeys
  6 crimson imps
  A bullfrog zombie (D:4)
  A bullfrog skeleton (D:4)
  5 orc priests
  6 hounds
  An orc wizard (D:3)
  3 worker ants
  A killer bee zombie (D:7)
  A worker ant zombie (D:6)
  10 adders
  An adder zombie (D:6)
  2 worms
  3 dart slugs
  A leopard gecko (D:3)
  10 orcs
  A ball python (D:2)
  7 giant cockroaches
  7 goblins
  4 hobgoblins
  8 jackals
  2 quokkas
  11 bats
  8 frilled lizards
  A jackal skeleton (D:7)
  9 kobolds
  A quokka skeleton (D:6)
  8 rats
143 creatures vanquished.

Vanquished Creatures (others)
  A bullfrog skeleton (D:5)
  An iguana (D:5)
  A giant cockroach (D:5)
3 creatures vanquished.

Grand Total: 146 creatures vanquished

Notes
Turn   | Place    | Note
-------+----------+-------------------------------------------
     0 | D:1      | RedPan the Demonspawn Monk began the quest for the Orb.
     0 | D:1      | Reached XP level 1. HP: 18/18 MP: 1/1
   154 | D:1      | Gained mutation: You are partially covered in sharp spines. [demonic ancestry]
   154 | D:1      | Reached XP level 2. HP: 19/24 MP: 2/2
   713 | D:1      | Reached skill level 1 in Armour
   906 | D:2      | Reached XP level 3. HP: 29/29 MP: 3/3
  1701 | D:3      | Gained mutation: You have sharp fingernails. [demonic ancestry]
  1701 | D:3      | Reached XP level 4. HP: 34/35 MP: 4/4
  2001 | D:3      | Gained mutation: You sometimes gain a little power by taking damage. [demonic ancestry]
  2001 | D:3      | Reached XP level 5. HP: 37/41 MP: 5/5
  2225 | D:3      | Found a roughly hewn altar of Beogh.
  2529 | D:4      | Found the +2 cloak of the Thief {+Fog Slay-2 SInv Stlth+}
  2539 | D:4      | Reached XP level 6. HP: 47/47 MP: 6/6
  2789 | D:4      | Reached skill level 5 in Long Blades
  3253 | D:4      | Noticed Execuda's ghost (novice DEFE)
  3273 | D:4      | Killed Execuda's ghost
  3273 | D:4      | Gained mutation: You have very sharp fingernails. [demonic ancestry]
  3273 | D:4      | Reached XP level 7. HP: 38/52 MP: 7/7
  3686 | D:5      | Entered Level 5 of the Dungeon
  3727 | D:5      | Noticed Blork the orc
  3739 | D:5      | Killed Blork the orc
  3739 | D:5      | Reached skill level 1 in Unarmed Combat
  3816 | D:5      | Reached skill level 5 in Dodging
  3963 | D:5      | Reached skill level 2 in Unarmed Combat
  3963 | D:5      | Reached XP level 8. HP: 58/58 MP: 8/8
  4214 | D:5      | Reached skill level 1 in Shields
  4214 | D:5      | Reached skill level 3 in Unarmed Combat
  4543 | D:6      | Reached skill level 4 in Unarmed Combat
  4568 | D:6      | Found a staircase to the Ecumenical Temple.
  4576 | D:6      | Found a basalt altar of Yredelemnul.
  4579 | Temple   | Entered the Ecumenical Temple
  4694 | Temple   | Became a worshipper of Cheibriados the Contemplative
  4694 | Temple   | Reached * piety under Cheibriados
  4694 | Temple   | Reached ** piety under Cheibriados
  4824 | D:6      | Reached skill level 5 in Unarmed Combat
  4829 | D:6      | Noticed Grinder
  5015 | D:6      | Paralysed by Grinder for 5 turns
  5024 | D:6      | Paralysed by Grinder for 6 turns
  5044 | D:6      | Killed Grinder
  5186 | D:6      | Noticed Prince Ribbit
  5252 | D:6      | Gained mutation: You have claws for hands. [demonic ancestry]
  5252 | D:6      | Reached XP level 9. HP: 61/63 MP: 9/9
  5308 | D:6      | Reached skill level 6 in Unarmed Combat
  5599 | D:6      | Killed Prince Ribbit
  5902 | D:7      | Noticed Joseph
  5927 | D:7      | Killed Joseph
  5927 | D:7      | Reached skill level 7 in Unarmed Combat
  6320 | D:7      | Found a white marble altar of Elyvilon.
  6595 | D:7      | Reached *** piety under Cheibriados
  6950 | D:8      | Found a shattered altar of Ashenzari.
  6955 | D:8      | Reached skill level 5 in Shields
  6987 | D:8      | Noticed a manticore
  6997 | D:8      | HP: 2/63 [manticore (4)]
  6997 | D:8      | Slain by a manticore

Vault maps used:
D:1:      matt_arrival_spirals, minivault_23
D:2:      dk_noncrumbling_3, corexii_leaking_fountain, kennysheep_generic_room_2
D:3:      first_ration, kennysheep_orc_chapel
D:5:      lemuel_flamethrower_2, uniq_blork_the_orc
D:6:      yredelemnul_altar_generic, minmay_temple_entry_statues_pillars,
          uniq_grinder, uniq_prince_ribbit1
D:7:      elyvilon_altar_3, uniq_joseph
D:8:      grunt_temple_overflow_open, hangedman_pestilent_swarm
Temple:   regret_index_temple_waves

Skill      XL: |  1  2  3  4  5  6  7  8  9 |
---------------+----------------------------+-----
Long Blades    | 3 4 6 |  6.0
Dodging        | 3 4 5 |  5.0
Armour         | 1 2 3 4 |  4.0
Unarmed Combat | 2 5 7 |  7.9
Shields        | 3 5 |  5.0
Fighting       | |  3.0
Stealth        | |  1.7

Action                   |  1- 3 |  4- 6 |  7- 9 || total
-------------------------+-------+-------+-------++-------
Melee: Falchion          |   102 |       |       ||   102
       Long sword        |     9 |   103 |    43 ||   155
       Unarmed           |       |       |   292 ||   292
Invok: Bend Time         |       |       |     1 ||     1
  Use: Scroll            |     8 |       |    11 ||    19
       Potion            |       |     2 |     3 ||     5
 Stab: Sleeping          |     2 |     5 |     5 ||    12
       Distracted        |       |       |     2 ||     2
  Eat: Chunk             |     2 |     3 |     8 ||    13
       Ration            |       |     1 |       ||     1
Armor: Robe              |     8 |       |       ||     8
       Ring mail         |    37 |    40 |    90 ||   167
Dodge: Dodged            |    71 |    56 |   106 ||   233
Block: Large shield      |       |       |   167 ||   167
       Rpst.: Falchion   |    15 |       |       ||    15
       Long sword        |     4 |    22 |    11 ||    37

Table legend:
 A = Spawn XP
 B = Non-spawn XP
 C = Spawn XP percentage of total XP
 D = Spawn monster count
 E = Non-spawn monster count
 F = Spawn count percentage of total count
 G = Total turns spent on level
                    A         B        C        D         E        F      G
               +---------+---------+-------+---------+---------+-------+---------
         Total |       0 |    4563 |   0.0 |       0 |     144 |   0.0 |  6997
               +---------+---------+-------+---------+---------+-------+---------
           D:1 |       0 |      40 |   0.0 |       0 |      27 |   0.0 |   903
           D:2 |       0 |      52 |   0.0 |       0 |      14 |   0.0 |   751
           D:3 |       0 |     277 |   0.0 |       0 |      28 |   0.0 |   862
           D:4 |       0 |     664 |   0.0 |       0 |       9 |   0.0 |  1170
           D:5 |       0 |     767 |   0.0 |       0 |      19 |   0.0 |   745
           D:6 |       0 |    1521 |   0.0 |       0 |      31 |   0.0 |  1150
           D:7 |       0 |    1046 |   0.0 |       0 |      13 |   0.0 |  1090
           D:8 |       0 |     196 |   0.0 |       0 |       3 |   0.0 |    47
               +---------+---------+-------+---------+---------+-------+---------
